 Dungeon Crawl Stone Soup version 0.28.0-53-g5a82cb258f (webtiles) character file.

Game seed: 14446775877577580686

84 Zeld the Gusty (level 4, 0/24 HPs)
             Began as a Tengu Air Elementalist on May 28, 2022.
             Slain by a phantom (7 damage)
             ... on level 4 of the Dungeon.
             The game lasted 00:02:17 (4385 turns).

Zeld the Gusty (Tengu Air Elementalist)             Turns: 4385, Time: 00:02:18

Health: 0/24       AC:  3    Str:  9    XL:     4   Next: 45%
Magic:  6/9        EV: 12    Int: 17    God:
Gold:   153        SH:  0    Dex: 14    Spells: 3/9 levels left

rFire   . . .      SeeInvis .   (no weapon)
rCold   . . .      Faith    .   (no shield)
rNeg    . . .      Spirit   .   a - +0 robe
rPois   .          Reflect  .   (helmet restricted)
rElec   .          Harm     .   (no cloak)
rCorr   .          Rampage  .   d - +0 pair of gloves
Will    .....                   (boots unavailable)
Stlth   ++........              (no amulet)
HPRegen 0.08/turn               (no ring)
MPRegen 0.11/turn               (no ring)

@: no status effects
A: beak, talons 3
a: no special abilities


You were on level 4 of the Dungeon.
You visited 1 branch of the dungeon, and saw 4 of its levels.

You collected 153 gold pieces.

Inventory:

Armour
 a - a +0 robe (worn)
 d - a +0 pair of gloves (worn)
Scrolls
 g - a scroll of amnesia {unknown}
 h - 3 scrolls of noise {unknown}
 i - a scroll of brand weapon {unknown}
 j - a scroll of teleportation {unknown}
 l - a scroll of fear {unknown}
Potions
 b - a potion of curing {unknown}
 c - a potion of invisibility {unknown}
 e - a potion of resistance {unknown}
 f - a potion of attraction {unknown}
 k - 2 potions of heal wounds {unknown}


   Skills:
 - Level 2.1 Dodging
 - Level 2.0 Stealth
 * Level 3.1 Spellcasting
 + Level 2.6 Conjurations
 * Level 5.2 Air Magic


You had 3 spell levels left.
You knew the following spells:

 Your Spells              Type           Power      Damage    Failure   Level
a - Shock                 Conj/Air       64%        1d7       3%          1
b - Static Discharge      Conj/Air       16%        N/A       4%          2
c - Swiftness             Air            20%        N/A       6%          3

Your spell library contained the following spells:

 Spells                   Type           Power      Damage    Failure   Level
 Tukima's Dance           Hex            2%         N/A       45%         3
 Airstrike                Air            10%        N/A       21%         4
 Anguish                  Hex/Necr       1%         N/A       86%         4
 Fireball                 Conj/Fire      3%         3d4       95%         5
 Starburst                Conj/Fire      3%         6d3       100%        6
 Enfeeble                 Hex            1%         N/A       100%        7
 Ignition                 Fire           1%         3d3       100%        8


Dungeon Overview and Level Annotations

Branches:
Dungeon (4/15)
 Temple: D:4-7

Altars:
Elyvilon
Hepliaklqana


Innate Abilities, Weirdness & Mutations

You have a beak for a mouth.
You have claws for feet.


Message History

Confirm with . or Enter, or press ? or * to list all spells.
The phantom is struck by an arc of lightning.
The phantom is lightly damaged.
You are struck by an arc of lightning.
The lightning grounds out.
The phantom barely misses you.
Unknown command.
Casting: Static Discharge (safe; 4% risk of failure)
Confirm with . or Enter, or press ? or * to list all spells.
You don't know that spell.
A phantom is nearby!
Casting: Static Discharge (safe; 4% risk of failure)
Confirm with . or Enter, or press ? or * to list all spells.
The phantom is struck by an arc of lightning.
The phantom is moderately damaged.
You are struck by an arc of lightning.
The lightning grounds out.
The phantom hits you.
The phantom blinks!
You blink. 4 gnolls come into view.
A gnoll is wielding a +2 whip of venom.
Casting: Static Discharge (safe; 4% risk of failure)
Confirm with . or Enter, or press ? or * to list all spells.
The phantom is struck by an arc of lightning!
The phantom is severely damaged.
You are struck by an arc of lightning.
The lightning grounds out.
The gnoll shouts! x3
The phantom hits you.
* * * LOW HITPOINT WARNING * * *
The phantom blinks!
You blink.
You hit the phantom but do no damage. Your kick misses the phantom.
The phantom is severely damaged.
The phantom hits you.
* * * LOW HITPOINT WARNING * * *
The phantom hits you but does no damage.
There is a stone staircase leading down here.
Press: ? - help, v - describe, . - travel
Here: a phantom (severely damaged)
The floor.
Press: ? - help, v - describe, . - travel
Here: a phantom (severely damaged)
The floor.
The phantom hits you!
You die...

#.........<#
#.#
######.#####
#.#
#######.#######
#.#
............[.#
#>#
.#######.####.#
#.# #.# #<# #.#
#.# #)####.#
#.# #.W....#
###.####@######
.........#
##########


You could see a phantom.

Vanquished Creatures
  2 adders (D:3)
  2 dart slugs
  3 orcs (D:3)
  6 bats
  5 endoplasms
  A giant cockroach (D:3)
  11 goblins
  A hobgoblin (D:2)
  4 kobolds
  3 quokkas
  7 ball pythons
  2 frilled lizards (D:1)
  4 rats
51 creatures vanquished.

Notes
Turn   | Place    | Note
-------+----------+-------------------------------------------
     0 | D:1      | Zeld the Tengu Air Elementalist began the quest for the
                  | Orb.
     0 | D:1      | Reached XP level 1. HP: 10/10 MP: 4/4
   425 | D:1      | Reached XP level 2. HP: 15/15 MP: 6/6
   428 | D:1      | Learned a level 2 spell: Static Discharge
  1665 | D:1      | Reached XP level 3. HP: 19/19 MP: 7/7
  2355 | D:2      | Learned a level 3 spell: Swiftness
  2787 | D:2      | Found a faded altar of an unknown god.
  3016 | D:3      | Reached skill level 5 in Air Magic
  3221 | D:3      | Found a hazy altar of Hepliaklqana.
  3364 | D:3      | Reached XP level 4. HP: 17/24 MP: 4/9
  4135 | D:3      | Found a white marble altar of Elyvilon.
  4354 | D:4      | Noticed a phantom
  4385 | D:4      | Slain by a phantom

Illustrated notes

Levels and vault maps discovered:
D:1:      minmay_arrival_four_circles, layout_loops_corners, minmay_tetromino_s4
D:2:      layout_basic, dreamdust_ecumenical_altar_statues
D:3:      layout_rooms, overflow_temple_1_default,
          nicolae_elyvilon_peaceful_grove
D:4:      layout_loops_ring, cheibriados_altar_1

Skill      XL: |  1  2  3  4 |
---------------+-------------+-----
Conjurations   | 2 |  2.6
Air Magic      | 5 |  5.2
Spellcasting   | 3 |  3.1
Dodging        | |  2.1
Stealth        | |  2.0

Action                   |  1- 3 |  4- 6 || total
-------------------------+-------+-------++-------
Melee: Unarmed           |    47 |    16 ||    63
       Kick              |     8 |     4 ||    12
       Peck              |     5 |     3 ||     8
 Cast: Shock             |     9 |       ||     9
       Static Discharge  |    31 |    14 ||    45
 Stab: Sleeping          |     4 |     1 ||     5
Armor: Robe              |    19 |     4 ||    23
Dodge: Dodged            |    54 |    14 ||    68
